 Seeded DCSS version 0.29.1-15-g9cfb28693d (webtiles) character file.

Game seed: 14451014311251207983 (custom seed)

262592 Gelion the Tortoise (level 19, -24/118 HPs)
             Began as a Gargoyle Fighter on Mar 27, 2023.
             Was the Champion of Hepliaklqana.
             Annihilated by a spriggan berserker
             ... wielding a +0 antimagic quarterstaff
              (36 damage)
             ... on level 2 of the Depths on Mar 28, 2023.
             The game lasted 01:50:34 (38723 turns).

Gelion the Tortoise (Gargoyle Fighter)             Turns: 38723, Time: 01:50:35

Health: -24/118    AC: 46    Str: 24    XL:     19   Next: 99%
Magic:  21/27      EV:  8    Int: 11    God:    Hepliaklqana [******]
Gold:   2016       SH: 14    Dex:  9    Spells: 18/18 levels left

rFire   + + .      SeeInvis .   x - +10 lance "Wyrmbane" {slay drac, rPois rF+ rC+ AC+3}
rCold   + . .      Faith    .   b - +0 kite shield {reflect}
rNeg    + + .      Spirit   .   T - +1 chain mail {rF+}
rPois   ∞          Reflect  +   z - +2 hood of the Assassin {Detection Stab+ Stlth++}
rElec   +          Harm     .   Q - +2 cloak
rCorr   +          Rampage  .   s - +2 pair of gloves {infuse}
Will    ++++.                   n - +2 pair of boots
Stlth   ..........              W - amulet of regeneration
HPRegen 1.09/turn               O - ring of resist corrosion
MPRegen 0.20/turn               V - ring "Guarogapi" {Fly rPois rN+ Will+++ Dex-2}

@: flying
A: reduced essence, sickness immunity, AC +14, big wings, negative energy
resistance 1, electricity resistance, torment resistance 1, petrification
resistance, low MP 1
}: 2/15 runes: serpentine, barnacled
a: Renounce Religion, Recall Ancestor, Ancestor Identity, Transference, Idealise


You were on level 2 of the Depths.
You worshipped Hepliaklqana.
Hepliaklqana was exalted by your worship.
You visited 8 branches of the dungeon, and saw 34 of its levels.
You visited the Abyss 1 time.
You also visited: Bailey and Gauntlet.

You collected 5153 gold pieces.
You spent 3137 gold pieces at shops.

Inventory:

Hand Weapons
 e - the +9 heavy crossbow "Sniper" {vorpal, Acc+∞ SInv}
   (You found it on level 1 of the Lair of Beasts)

   Any ammunition fired from it inflicts extra damage upon your enemies.
   Any ammunition fired from it never misses its target.
   SInv:      It lets you see invisible.
 x - the +10 lance "Wyrmbane" (weapon) {slay drac, rPois rF+ rC+ AC+3}
   (You found it on level 3 of the Dungeon)

   It inflicts extra damage against dragons and draconians.
   AC:        It affects your AC (+3).
   rF:        It protects you from fire.
   rC:        It protects you from cold.
   rPois:     It protects you from poison.
Missiles
 u - 17 silver javelins
 R - 3 throwing nets (quivered)
Armour
 b - a +0 kite shield of reflection (worn)
 n - a +2 pair of boots (worn)
 s - a +2 pair of gloves of infusion (worn)
 z - the +2 hood of the Assassin (worn) {Detection Stab+ Stlth++}
   (You found it on level 2 of the Lair of Beasts)

   It allows the wearer to sense nearby creatures.
   It allows the wearer to make particularly effective stabbing attacks against
   helpless or unaware enemies with any weapon.
   Stlth:     It makes you much more stealthy.
 M - a +2 tower shield
 Q - a +2 cloak (worn)
 T - a +1 chain mail of fire resistance (worn)
 U - a +2 plate armour of cold resistance
Jewellery
 p - a +6 ring of strength
 O - a ring of resist corrosion (left hand)
 V - the ring "Guarogapi" (right hand) {Fly rPois rN+ Will+++ Dex-2}
   (You took it off a fire giant on level 11 of the Dungeon)

   [ring of flight]

   Dex:       It affects your dexterity (-2).
   rPois:     It protects you from poison.
   rN:        It protects you from negative energy.
   Fly:       It grants you flight.
   Will:      It greatly increases your willpower.
 W - an amulet of regeneration (around neck)
 Z - the ring "Xibbeorr" {rElec rF+ SInv}
   (You found it in a Gauntlet)

   [ring of see invisible]

   rF:        It protects you from fire.
   rElec:     It insulates you from electricity.
   SInv:      It lets you see invisible.
Wands
 v - a wand of digging (8)
 y - a wand of flame (47)
 D - a wand of mindburst (29)
 F - a wand of paralysis (24)
 G - a wand of roots (18)
 S - a wand of polymorph (8)
Scrolls
 a - 3 scrolls of summoning
 c - 6 scrolls of magic mapping
 g - 12 scrolls of enchant weapon
 o - 3 scrolls of immolation
 r - 7 scrolls of butterflies
 t - 3 scrolls of fear
 B - 8 scrolls of amnesia
 E - 4 scrolls of silence
 H - 8 scrolls of teleportation
 N - 4 scrolls of poison
Potions
 d - 5 potions of might
 f - 9 potions of brilliance
 h - 13 potions of mutation
 j - 6 potions of heal wounds
 k - 6 potions of ambrosia
 l - 5 potions of berserk rage
 m - 7 potions of lignification
 q - 7 potions of invisibility
 w - 8 potions of haste
 A - 8 potions of curing
 C - 6 potions of attraction
 I - a potion of resistance
 L - 6 potions of cancellation
 P - 3 potions of magic


   Skills:
 + Level 19.1 Fighting
 + Level 13.2 Polearms
 + Level 19.1 Armour
 + Level 19.1 Shields
 + Level 15.4 Invocations


You had 18 spell levels left.
You didn't know any spells.
Your spell library contained the following spells:

 Spells                   Type           Power      Damage    Failure   Level
 Beastly Appendage        Tmut           0%         N/A       87%         1
 Necrotise                Necr           0%         1d4       87%         1
 Sandblast                Erth           0%         2d4       87%         1
 Ensorcelled Hibernation  Hex/Ice        0%         N/A       95%         2
 Passwall                 Tmut/Erth      0%         N/A       95%         2
 Scorch                   Fire           0%         2d5       95%         2
 Wereblood                Tmut           0%         N/A       95%         2
 Call Canine Familiar     Summ           0%         N/A       99%         3
 Confusing Touch          Hex            0%         N/A       99%         3
 Dazzling Flash           Conj/Hex       0%         N/A       99%         3
 Gell's Gravitas          Tloc           0%         N/A       99%         3
 Ozocubu's Armour         Ice            0%         N/A       99%         3
 Portal Projectile        Hex/Tloc       0%         N/A       99%         3
 Spider Form              Tmut/Pois      0%         N/A       99%         3
 Swiftness                Air            0%         N/A       99%         3
 Teleport Other           Tloc           0%         N/A       99%         3
 Vampiric Draining        Necr           0%         2d6       99%         3
 Corpse Rot               Necr/Pois/Air  0%         N/A       100%        4
 Dispel Undead            Necr           0%         3d6       100%        4
 Flame Wave               Conj/Fire      0%         2d4       100%        4
 Fulminant Prism          Conj/Hex       0%         3d6       100%        4
 Iskenderun's Mystic Bla  Conj/Tloc      0%         2d3       100%        4
 Leda's Liquefaction      Hex/Erth       0%         N/A       100%        4
 Olgreb's Toxic Radiance  Pois           0%         N/A       100%        4
 Petrify                  Tmut/Erth      0%         N/A       100%        4
 Agony                    Necr           0%         N/A       100%        5
 Alistair's Intoxication  Tmut/Pois      0%         N/A       100%        5
 Blade Hands              Tmut           0%         N/A       100%        5
 Borgnjor's Vile Clutch   Necr/Erth      0%         N/A       100%        5
 Irradiate                Conj/Tmut      0%         3d11      100%        5
 Lee's Rapid Deconstruct  Erth           0%         3d5*      100%        5
 Metabolic Englaciation   Hex/Ice        0%         N/A       100%        5
 Silence                  Hex/Air        0%         N/A       100%        5
 Yara's Violent Unravell  Hex/Tmut       0%         3d3       100%        5
 Death Channel            Necr           0%         N/A       100%        6
 Dispersal                Tloc           0%         N/A       100%        6
 Simulacrum               Ice/Necr       0%         N/A       100%        6
 Summon Cactus Giant      Summ           0%         N/A       100%        6
 Dragon Form              Tmut           0%         N/A       100%        7
 Enfeeble                 Hex            0%         N/A       100%        7
 Ozocubu's Refrigeration  Ice            0%         4d7       100%        7
 Disjunction              Tloc           0%         N/A       100%        8
 Ignition                 Fire           0%         3d3       100%        8
 Statue Form              Tmut/Erth      Unusable   N/A       N/A         6

Dungeon Overview and Level Annotations

Branches:
Dungeon (15/15)            Temple (1/1) D:4            Lair (5/5) D:8
 Shoals (4/4) Lair:3        Snake (4/4) Lair:2        Slime (1/5) Lair:5
    Orc (2/2) D:12            Elf (0/3) Orc:2        Vaults (0/5) D:14
 Depths (2/4) D:15         Bailey (visited)         Gauntlet (visited)

Altars:
Ashenzari
Cheibriados
Dithmenos
Elyvilon
Fedhas
Gozag
Hepliaklqana
Kikubaaqudgha
Makhleb
Nemelex Xobeh
Okawaru
Qazlal
Ru
Sif Muna
Trog
Uskayaw
Vehumet
Wu Jian
Xom
Yredelemnul
Zin
The Shining One

Shops:
D:1 *   D:2 (   D:3 =   D:4 [   D:6 !   D:10 *   D:12 =   D:14 :   D:15 (
Orc:2 (:[*:   Shoals:1 =   Shoals:3 (!

Portals:
Hell: Depths:1
Abyss: Depths:1
Ziggurat: Depths:1


Innate Abilities, Weirdness & Mutations

Your life essence is reduced to manifest your ancestor. (-10% HP)
You are immune to sickness and miasma.
Your stone body is resilient. (AC +14)
You are immune to poison.
Your large and strong wings let you fly.
You resist negative energy. (rN+)
You are resistant to electric shocks. (rElec)
You are resistant to unholy torment.
You are immune to petrification.
Your magical capacity is low. (-10% MP)


Message History

You puncture the spark wasp!
The spark wasp is lightly wounded.
The spark wasp stings you but does no damage.
You impale the spark wasp!!
The spark wasp is heavily wounded.
The spark wasp stings you. The spark wasp shocks you. You resist.
Xochipepe hits the merfolk with a +0 lajatang of freezing!!
Xochipepe freezes the merfolk.
The merfolk hits Xochipepe.
Unknown command.
You puncture the spark wasp!
The spark wasp is severely wounded.
The merfolk changes into a glowing orange brain!
Something conjures a glowing orb.
You block the spark wasp's attack.
A fire dragon comes into view.
Wyrmbane glows as a worthy foe approaches.
An orb of destruction comes into view.
The fire dragon roars deafeningly!
You impale the spark wasp!!
The spark wasp is almost dead.
The spriggan berserker prays to Trog.
The spriggan berserker goes berserk!
Xochipepe hits the glowing orange brain with a +0 lajatang of freezing!!
Xochipepe freezes the glowing orange brain!
The spark wasp stings you! The spark wasp shocks you. You resist.
You closely miss the spark wasp.
The spark wasp is almost dead.
You block the spriggan berserker's attack.
Unknown command.
You puncture the spark wasp!
You kill the spark wasp!
The orb of destruction hits you!!!!
Ouch! That really hurt!
* * * LOW HITPOINT WARNING * * *
The glowing orange brain pulsates.
You resist with almost no effort.
Xochipepe appears confused.
Unknown command.
The spriggan berserker hits you with a +0 antimagic quarterstaff!!!
You die...

.. ....#
....##...# #
$.$#$....## ..
.$D$.$.... ...
##$#X#.○.##..###
#$.C.Q.{... ....
. #$G.°.##..#
#...#Ri.....#
#...@##:.#
#....# #....#
#.#....
.......##
........#
.........
.......#


You could see the friendly Xochipepe the battlemage (confused), a tentacled
monstrosity, a fire dragon, a tengu reaver, an ettin, a glowing orange brain
shaped shifter (distracted, ally target) and a spriggan berserker (berserk).

Vanquished Creatures
  Bai Suzhen (Shoals:3)
  A sphinx (Depths:1)
  A tentacled starspawn (Abyss:2)
  Roxanne (Snake:4)
  A nagaraja (Snake:2)
  A fire giant (D:11)
  2 frost giants
  A balrug (Abyss:2)
  An orc warlord (Orc:1)
  7 very ugly things (Depths:1)
  3 stone giants (Depths:1)
  Nessos (D:13)
  Azrael (Snake:3)
  The ghost of 0gre the Frost Mage, a journeyman GnIE of Ashenzari (Lair:5)
  The ghost of Vizrt the Spry, a journeyman FeSu of Gozag (Shoals:3)
  A minotaur (Gauntlet)
  A spark wasp (Depths:2)
  An ettin (D:15)
  3 merfolk javelineers
  4 merfolk impalers
  Harold (D:9)
  2 boulder beetles
  4 salamander tyrants
  7 centaur warriors
  A spriggan air mage (Depths:1)
  8 anacondas
  A catoblepas (Shoals:4)
  A death yak (Shoals:4)
  11 hydras
  An alligator snapping turtle (Shoals:2)
  A merfolk avatar (Shoals:1)
  2 death knights
  3 merfolk aquamancers (Shoals:4)
  13 naga warriors
  5 two-headed ogres
  2 deep troll shamans (Depths:1)
  An alligator (Shoals:2)
  A satyr (Shoals:4)
  A thrashing horror (Abyss:2)
  2 tengu warriors (D:15)
  A deep troll earth mage (D:11)
  Urug (D:11)
  6 shock serpents
  3 sun demons (Abyss:2)
  6 naga sharpshooters
  4 orc high priests (Orc:2)
  A spriggan berserker (Depths:1)
  3 salamander mystics
  3 deep trolls
  A death drake (shapeshifter) (D:11)
  5 skeletal warriors
  10 sea snakes
  6 naga ritualists
  A glowing orange brain (Depths:1)
  Pikel (D:7)
  2 phantasmal warriors
  21 harpies
  A wizard (D:15)
  12 mana vipers
  An oklob plant (Lair:4)
  6 orc knights
  10 ugly things
  2 fauns (Shoals:3)
  4 orc sorcerers
  11 salamanders
  3 elephants (Lair:3)
  6 cyclopes
  13 manticores
  22 black mambas
  10 merfolk sirens
  14 naga magi
  3 water nymphs
  3 guardian serpents
  A smoke demon (Abyss:2)
  2 unseen horrors (Depths:1)
  A demonic crawler (Abyss:2)
  A freezing wraith (D:15)
  7 cane toads
  3 rime drakes
  An efreet (Abyss:2)
  7 komodo dragons
  2 tengu conjurers
  3 ancient zymes (Abyss:2)
  A yaktaur (D:11)
  5 hornets
  17 merfolk
  2 meliai
  5 wind drakes
  3 polar bears
  3 trolls
  Grinder (D:6)
  A merfolk (shapeshifter) (Depths:1)
  5 dream sheep
  A slime creature (Lair:5)
  4 blink frogs (Lair:5)
  3 raiju (Abyss:2)
  8 large abominations
  10 snapping turtles
  A centaur simulacrum (D:14)
  10 flying skulls (Gauntlet)
  A jumping spider (shapeshifter) (D:14)
  3 shadows
  15 yaks
  A culicivora (shapeshifter) (D:11)
  2 small abominations
  2 water elementals
  14 wyverns
  3 spriggans
  2 wraiths
  3 basilisks
  13 humans (D:14)
  A redback (Lair:5)
  3 chaos spawn
  2 neqoxecs
  Menkaure (D:5)
  23 nagas
  9 vampire mosquitoes
  2 wargs
  Edmund (D:5)
  16 water moccasins
  38 orc warriors
  2 hell hounds (Snake:3)
  2 black bears (D:6)
  3 boggarts (D:14)
  5 ogres
  7 wolves
  3 centaurs
  2 phantoms
  Blork the orc (D:6)
  6 kobold brigands
  8 bullfrogs
  A lemure (D:7)
  A necrophage (D:8)
  2 gnoll sergeants (D:9)
  4 scorpions
  3 wights (D:8)
  11 killer bees
  An electric eel (Lair:5)
  A lava snake (D:14)
  A quasit (Abyss:2)
  A hound (D:5)
  4 jellies
  27 orc priests
  A gnoll bouda (Lair:5)
  2 hell rats (Lair:4)
  8 iguanas
  20 orc wizards
  Robin (D:4)
  4 gnolls
  9 adders
  A white imp (D:7)
  2 ufetubi (Abyss:2)
  2 worms
  2 dart slugs
  90 orcs
  9 ball pythons
  4 bats
  6 endoplasms
  3 giant cockroaches
  7 hobgoblins
  3 jackals (D:3)
  4 quokkas
  3 training dummies (D:15)
  16 goblins
  16 kobolds
  3 rats
  A spectral orc (D:9)
  2 tentacles (Shoals:2)
876 creatures vanquished.

Vanquished Creatures (collateral kills)
  Polyphemus (Shoals:4)
  A kraken (Shoals:2)
  A storm dragon (D:11)
  3 nagarajas (Snake:4)
  Donald (Shoals:1)
  Aizul (Shoals:2)
  A fire giant (Depths:1)
  Louise (D:15)
  A stone giant (Depths:2)
  A very ugly thing (Depths:1)
  The ghost of Andrakon the Skirmisher, a journeyman MiHu of Nemelex Xobeh (Lair:2)
  2 merfolk impalers
  The ghost of sigtrap the Fighter, a journeyman GrFi of Qazlal (D:12)
  An ettin (Depths:1)
  3 alligator snapping turtles
  2 boulder beetles
  An anaconda (Snake:3)
  4 merfolk avatars
  A naga warrior (Snake:3)
  3 merfolk aquamancers (Shoals:4)
  A naga sharpshooter (Snake:1)
  A death yak (Shoals:4)
  2 shock serpents
  A tengu warrior (D:13)
  A deep elf knight (D:11)
  A deep troll earth mage (D:11)
  Sonja (Lair:4)
  7 sea snakes
  A salamander mystic (Snake:3)
  A necromancer (D:15)
  2 naga ritualists
  An orc knight (Orc:2)
  A deep elf pyromancer (D:13)
  4 mana vipers
  12 harpies
  A wolf spider (Lair:5)
  A faun (Shoals:1)
  7 ugly things
  An orc sorcerer (Orc:2)
  2 large abominations (Depths:1)
  An elephant (D:8)
  11 manticores
  3 salamanders
  7 black mambas
  8 merfolk sirens
  4 naga magi
  3 water nymphs
  2 cane toads
  A cane toad (shapeshifter) (D:11)
  A rime drake (Lair:4)
  3 komodo dragons
  An unseen horror (Depths:1)
  2 tengu conjurers (Depths:1)
  2 meliai (D:14)
  15 merfolk
  A queen bee (Gauntlet)
  A hornet (Lair:5)
  Prince Ribbit (D:7)
  A polar bear (Lair:1)
  5 dream sheep
  A wind drake (Shoals:1)
  A slime creature (Slime:1)
  A snapping turtle (Shoals:4)
  5 water elementals
  A spriggan (Lair:2)
  2 wraiths
  A shadow (D:10)
  2 flying skulls (Gauntlet)
  7 yaks
  2 vampires
  8 wyverns
  3 humans (D:14)
  2 basilisks
  A chaos spawn (Gauntlet)
  A fire elemental (Snake:3)
  2 vampire mosquitoes
  2 small abominations (Depths:1)
  7 nagas
  2 wargs
  4 water moccasins
  10 orc warriors
  A black bear (Lair:2)
  An ogre (Orc:1)
  4 wolves (Lair:1)
  A boggart (D:14)
  2 centaurs
  6 bullfrogs
  4 killer bees
  12 orc priests
  3 iguanas
  11 orc wizards
  3 hell rats (Lair:4)
  5 gnolls
  An adder (D:6)
  29 orcs
  5 kobolds
  A tentacle (Shoals:2)
307 creatures vanquished.

Vanquished Creatures (others)
  A sea snake (Shoals:4)
  A guardian serpent (Snake:3)
  A naga mage (Snake:4)
  A fire elemental (Snake:3)
  A boggart (D:14)
  29 battlemagi
  3 ancestors
  28 fungi
  115 plants
  2 starspawn tentacles (Abyss:2)
  4 tentacles (Shoals:2)
186 creatures vanquished.

Grand Total: 1369 creatures vanquished

Notes
Turn   | Place    | Note
-------+----------+-------------------------------------------
     0 | D:1      | Gelion the Gargoyle Fighter began the quest for the Orb.
     0 | D:1      | Reached XP level 1. HP: 14/14 MP: 1/1
   470 | D:1      | Found Esaut's General Store.
   559 | D:1      | Found a faded altar of an unknown god.
   629 | D:1      | Reached XP level 2. HP: 19/19 MP: 2/2
  1081 | D:2      | Found Maitz's Antique Weapon Boutique.
  1380 | D:2      | Reached XP level 3. HP: 23/23 MP: 3/3
  1550 | D:2      | Reached XP level 4. HP: 29/29 MP: 4/4
  1925 | D:3      | Found a glowing golden altar of the Shining One.
  1960 | D:3      | Noticed a scorpion
  1970 | D:3      | Killed a scorpion
  1971 | D:3      | Reached XP level 5. HP: 23/33 MP: 5/5
  2133 | D:3      | Found Jule's Jewellery Shoppe.
  2172 | D:3      | Found the +8 lance "Wyrmbane" {slay drac, rPois rF+ rC+
                  | AC+3}
  2759 | D:4      | Found Kiaci's Armour Boutique.
  2966 | D:4      | Identified a scroll of acquirement
  2966 | D:4      | Acquired 869 gold pieces
  2992 | D:4      | Found a staircase to the Ecumenical Temple.
  3012 | Temple   | Entered the Ecumenical Temple
  3137 | Temple   | Became a worshipper of Hepliaklqana the Forgotten
  3204 | D:4      | Reached XP level 6. HP: 39/39 MP: 6/6
  3292 | D:4      | Found an iron altar of Okawaru.
  3519 | D:4      | Noticed Robin
  3535 | D:4      | Killed Robin
  3717 | D:4      | Found a sparkling altar of Nemelex Xobeh.
  3908 | D:1      | Bought a +1 pair of gloves of infusion for 198 gold pieces
  4003 | D:5      | Entered Level 5 of the Dungeon
  4029 | D:5      | Noticed a water moccasin
  4031 | D:5      | Found a hide-covered altar of Uskayaw.
  4037 | D:5      | Killed a water moccasin
  4038 | D:5      | Reached XP level 7. HP: 44/44 MP: 3/7
  4124 | D:5      | Reached skill level 5 in Fighting
  4124 | D:5      | Reached skill level 5 in Shields
  4165 | D:5      | Reached skill level 5 in Armour
  4172 | D:5      | Reached skill level 5 in Polearms
  4250 | D:5      | Reached XP level 8. HP: 48/50 MP: 6/8
  4272 | D:5      | Noticed Menkaure
  4288 | D:5      | Killed Menkaure
  4692 | D:5      | Reached * piety under Hepliaklqana
  4758 | D:5      | Noticed Edmund
  4765 | D:5      | Killed Edmund
  4861 | D:6      | Noticed Blork the orc
  4871 | D:6      | Killed Blork the orc
  4943 | D:6      | Noticed Grinder
  4943 | D:6      | You fall into a shaft and drop 3 floors!
  4947 | D:9      | Found a shimmering blue altar of Sif Muna.
  4951 | D:9      | Found a snail-covered altar of Cheibriados.
  4997 | D:9      | Reached XP level 9. HP: 50/50 MP: 6/9
  5478 | D:7      | Found a flagged portal.
  5483 | D:7      | Noticed Pikel
  5501 | D:7      | Killed Pikel
  5510 | Bailey   | Entered a bailey
  5582 | Bailey   | Noticed an orc knight
  5600 | Bailey   | Killed an orc knight
  5601 | Bailey   | Reached XP level 10. HP: 56/56 MP: 8/10
  5993 | Bailey   | Found an iron altar of Okawaru.
  6178 | D:7      | Reached ** piety under Hepliaklqana
  6179 | D:7      | Remembered your ancestor Xochipepe as a battlemage
  6232 | D:7      | Noticed Prince Ribbit
  6236 | D:7      | Killed Prince Ribbit
  6533 | D:7      | Found a blossoming altar of Fedhas.
  6542 | D:7      | Found a sacrificial altar of Ru.
  6827 | D:6      | Killed Grinder
  6915 | D:6      | Found Coileif's Distillery.
  6938 | D:6      | Bought a potion of curing for 30 gold pieces
  6938 | D:6      | Bought 2 potions of invisibility for 160 gold pieces
  6938 | D:6      | Bought a potion of attraction for 30 gold pieces
  7879 | D:3      | Bought a ring of resist corrosion for 220 gold pieces
  7879 | D:3      | Bought an amulet of the acrobat for 330 gold pieces
  8175 | D:8      | Noticed an elephant
  8189 | D:8      | Killed an elephant
  8193 | D:8      | Reached XP level 11. HP: 50/62 MP: 1/11
  8278 | D:8      | Found a staircase to the Lair.
  8880 | D:9      | Reached *** piety under Hepliaklqana
  9043 | D:9      | Noticed Harold
  9057 | D:9      | Killed Harold
  9058 | D:9      | Reached skill level 10 in Polearms
  9606 | D:9      | Found a basalt altar of Yredelemnul.
  9647 | D:10     | Entered Level 10 of the Dungeon
  9959 | D:10     | Found a burning altar of Makhleb.
  9959 | D:10     | Found a glowing silver altar of Zin.
  9960 | D:10     | Noticed an angel
  9960 | D:10     | Noticed a balrug
 10361 | D:10     | Found Numnish's Assorted Antiques.
 10369 | D:10     | Bought 2 scrolls of blinking for 330 gold pieces
 10369 | D:10     | Bought a potion of curing for 66 gold pieces
 10517 | D:10     | Found a radiant altar of Vehumet.
 10586 | D:10     | Found a shimmering altar of Xom.
 10761 | D:10     | Reached skill level 10 in Fighting
 10761 | D:10     | Reached skill level 10 in Armour
 10761 | D:10     | Reached skill level 10 in Shields
 10761 | D:10     | Reached XP level 12. HP: 69/69 MP: 12/12
 10831 | Lair:1   | Entered Level 1 of the Lair of Beasts
 10863 | Lair:1   | Found the +9 heavy crossbow "Sniper" {vorpal, Acc+∞ SInv}
 11148 | Lair:1   | Identified the +1 scale mail of the Jumping Gods {Rampage}
 11465 | Lair:1   | Noticed a five-headed hydra
 11472 | Lair:1   | Killed a five-headed hydra
 11770 | Lair:2   | Found a staircase to the Snake Pit.
 11778 | Lair:2   | Reached XP level 13. HP: 75/75 MP: 8/13
 11848 | Lair:2   | Found the +2 hood of the Assassin {Detection Stab+ Stlth++}
 11855 | Lair:2   | Found a runed translucent door.
 11968 | Lair:2   | Reached **** piety under Hepliaklqana
 12157 | Lair:2   | Identified the +1 trident "Deatap" {freeze, rElec rF+ Str+2
                  | SInv}
 12278 | Lair:2   | Noticed Andrakon's ghost (journeyman MiHu)
 12431 | Lair:2   | Killed Andrakon's ghost
 13425 | Lair:3   | Found a staircase to the Shoals.
 13852 | Lair:4   | Noticed Sonja
 13860 | Lair:4   | Killed Sonja
 14397 | Lair:4   | Reached skill level 1 in Invocations
 14855 | Lair:5   | Entered Level 5 of the Lair of Beasts
 14861 | Lair:5   | Found a runed translucent door.
 14863 | Lair:5   | Reached ***** piety under Hepliaklqana
 15275 | Lair:5   | Gained mutation: Your large and strong wings let you fly.
                  | [Gargoyle growth]
 15275 | Lair:5   | Reached XP level 14. HP: 72/82 MP: 5/16
 15352 | Lair:5   | Found a staircase to the Slime Pits.
 15662 | Lair:5   | Reached skill level 5 in Invocations
 15823 | Lair:5   | Noticed 0gre's ghost (journeyman GnIE)
 15848 | Lair:5   | Killed 0gre's ghost
 16523 | D:11     | Noticed Urug
 16535 | D:11     | Killed Urug
 17355 | D:11     | Identified the ring "Guarogapi" {Fly rPois rN+ Will+++
                  | Dex-2}
 17355 | D:11     | Noticed a fire giant
 17402 | D:11     | Killed a fire giant
 17619 | D:11     | Identified the +5 morningstar of the Freezing Priest
                  | {venom, Int+2 Dex+6}
 17662 | D:11     | Noticed a storm dragon
 17939 | D:11     | Killed a storm dragon
 18247 | D:12     | Found Sironigh's Jewellery Emporium.
 18431 | D:12     | Found a staircase to the Orcish Mines.
 18572 | D:12     | Reached XP level 15. HP: 46/90 MP: 6/20
 18764 | D:12     | Noticed sigtrap's ghost (journeyman GrFi)
 18774 | D:12     | Found a runed translucent gate.
 18774 | D:12     | Found a runed translucent gate.
 18783 | D:12     | Found a runed translucent gate.
 19145 | D:12     | Killed sigtrap's ghost
 19834 | D:13     | Noticed Nessos
 19842 | D:13     | Killed Nessos
 20806 | D:14     | Reached skill level 15 in Fighting
 20806 | D:14     | Reached skill level 15 in Armour
 20806 | D:14     | Reached skill level 15 in Shields
 20997 | D:14     | Found a gate to the Vaults.
 21459 | D:14     | Found Lotunaar's Book Emporium.
 21467 | D:14     | Bought Jina's Directory of the Boulder and Blight for 440
                  | gold pieces
 21503 | D:15     | Entered Level 15 of the Dungeon
 21529 | D:15     | Found a gate leading to a gauntlet.
 21541 | D:15     | Reached ****** piety under Hepliaklqana
 21546 | Gauntlet | Entered a Gauntlet
 21546 | Gauntlet | Found a transporter.
 21546 | Gauntlet | Found a transporter.
 21548 | Gauntlet | Found a transporter.
 21551 | Gauntlet | Found a transporter.
 21554 | Gauntlet | Found a transporter.
 21594 | Gauntlet | Found a transporter.
 21595 | Gauntlet | Found a transporter.
 21595 | Gauntlet | Found a transporter.
 21614 | Gauntlet | Found a transporter.
 21624 | Gauntlet | Found a transporter.
 21628 | Gauntlet | Found a runed translucent door.
 21647 | Gauntlet | Found a transporter.
 21661 | Gauntlet | Found a transporter.
 21682 | Gauntlet | Found a transporter.
 21698 | Gauntlet | Found a transporter.
 21752 | Gauntlet | Gained mutation: Your magical capacity is low. (-10% MP) [a
                  | neqoxec]
 21929 | Gauntlet | Identified the ring "Xibbeorr" {rElec rF+ SInv}
 21978 | Gauntlet | Identified the +1 falchion "Muecew" {drain, rF+ rN+}
 22317 | D:15     | Found Tonimomu's Firing Range.
 22326 | D:15     | Bought a throwing net for 36 gold pieces
 22408 | D:15     | Noticed Louise
 22424 | D:15     | Killed Louise
 22425 | D:15     | Reached XP level 16. HP: 97/97 MP: 14/20
 22623 | D:15     | Found a staircase to the Depths.
 23257 | Orc:1    | Entered Level 1 of the Orcish Mines
 23405 | Orc:1    | Reached skill level 10 in Invocations
 23718 | Orc:2    | Entered Level 2 of the Orcish Mines
 23718 | Orc:2    | Found a staircase to the Elven Halls.
 23718 | Orc:2    | Found Wuawaor's Book Shoppe.
 24895 | Orc:2    | Found Nebil's Antique Armour Shop.
 24896 | Orc:2    | Found Jiosyheg's Antique Weapon Boutique.
 24898 | Orc:2    | Found Erghaen's General Store.
 24898 | Orc:2    | Found Fuozipun's Book Shop.
 24903 | Orc:2    | Bought a smoking ring mail for 279 gold pieces
 24903 | Orc:2    | Identified the +1 ring mail of the Land of Plenty {*Corrode
                  | Int+3} (You bought it in a shop on level 2 of the Orcish
                  | Mines)
 24963 | Orc:2    | Bought a potion of magic for 112 gold pieces
 24963 | Orc:2    | Bought a scroll of teleportation for 42 gold pieces
 25320 | Snake:1  | Entered Level 1 of the Snake Pit
 25618 | Abyss:2  | Cast into level 2 of the Abyss (naga mage)
 25849 | Abyss:2  | Noticed a tentacled starspawn
 25874 | Abyss:2  | Killed a tentacled starspawn
 26193 | Snake:1  | Escaped the Abyss
 26984 | Snake:2  | Reached XP level 17. HP: 104/104 MP: 19/23
 28105 | Snake:3  | Noticed Azrael
 28123 | Snake:3  | Killed Azrael
 28501 | Snake:3  | Found a broken altar of Ashenzari.
 29191 | Snake:4  | Entered Level 4 of the Snake Pit
 29589 | Snake:4  | Noticed Roxanne
 29664 | Snake:4  | Killed Roxanne
 30543 | Snake:4  | Reached XP level 18. HP: 94/111 MP: 9/25
 30870 | Snake:4  | Got a serpentine rune of Zot
 31052 | Shoals:1 | Entered Level 1 of the Shoals
 31417 | Shoals:1 | Noticed Donald
 31430 | Shoals:1 | Killed Donald
 31818 | Shoals:1 | Found Gohobb's Jewellery Shop.
 33091 | Shoals:2 | Noticed Aizul
 33110 | Shoals:2 | Killed Aizul
 33784 | Shoals:3 | Found Ocysoz's Weapon Shoppe.
 34116 | Shoals:3 | Identified the +0 pair of boots of Inousk {rF+ Int+2}
 34335 | Shoals:3 | Reached XP level 19. HP: 112/117 MP: 16/26
 34410 | Shoals:3 | Noticed Bai Suzhen
 34430 | Shoals:3 | Killed Bai Suzhen
 34488 | Shoals:3 | Found Awkawas's Distillery.
 34497 | Shoals:3 | Bought a potion of heal wounds for 60 gold pieces
 34497 | Shoals:3 | Bought a potion of magic for 96 gold pieces
 34497 | Shoals:3 | Bought a potion of haste for 120 gold pieces
 34497 | Shoals:3 | Bought 2 potions of cancellation for 192 gold pieces
 34497 | Shoals:3 | Bought a potion of haste for 120 gold pieces
 34497 | Shoals:3 | Bought 2 potions of haste for 240 gold pieces
 34497 | Shoals:3 | Bought a potion of curing for 36 gold pieces
 34587 | Shoals:3 | Found a runed translucent door.
 34588 | Shoals:3 | Noticed Vizrt's ghost (journeyman FeSu)
 34623 | Shoals:3 | Killed Vizrt's ghost
 35081 | Shoals:4 | Entered Level 4 of the Shoals
 35661 | Shoals:4 | Noticed Polyphemus
 35674 | Shoals:4 | Killed Polyphemus
 35993 | Shoals:4 | Identified the +3 scale mail of the Armoured One {rF+ Int+2
                  | Stlth+}
 36137 | Shoals:4 | Reached skill level 15 in Invocations
 36533 | Shoals:4 | Got a barnacled rune of Zot
 36749 | Slime:1  | Entered Level 1 of the Pits of Slime
 37011 | Depths:1 | Entered Level 1 of the Depths
 37315 | Depths:1 | Found a gateway to Hell.
 37707 | Depths:1 | Found a one-way gateway to a ziggurat.
 37990 | Depths:1 | Found an iron altar of Okawaru.
 38106 | Depths:1 | Found a white marble altar of Elyvilon.
 38351 | Depths:1 | Found a one-way gate to the infinite horrors of the Abyss.
 38598 | Depths:1 | Found a hazy altar of Hepliaklqana.
 38598 | Depths:1 | Found a glowing golden altar of the Shining One.
 38600 | Depths:1 | Found a shimmering altar of Xom.
 38600 | Depths:1 | Found a hazy altar of Hepliaklqana.
 38600 | Depths:1 | Found a glowing silver altar of Zin.
 38712 | Depths:2 | Noticed a tentacled monstrosity
 38723 | Depths:2 | Annihilated by a spriggan berserker

Illustrated notes

Levels and vault maps discovered:
D:1:      sevenhm_arrival_forest_fort_small_4, layout_loops_corners,
          basic_ecumenical_altar, serial_shops, nicolae_square_shop
D:2:      layout_rooms, serial_shops, shop, serial_bayou_lagoon_b
D:3:      layout_loops_cross, nicolae_overflow_crystal_walls, serial_shops,
          shop, grunt_decor_resistance
D:4:      wad_crossroads, layout_loops_ring, lemuel_tele_altar,
          mainiacjoe_overflow_24_doors, minmay_temple_entry_offerings,
          serial_shops, nicolae_shop_statue_plus, uniq_robin
D:5:      layout_cave_pools, mainiacjoe_overflow_chevrons, uniq_edmund,
          uniq_menkaure
D:6:      layout_basic, serial_shops, shop, uniq_blork_the_orc, uniq_grinder
D:7:      layout_loops_ring, minitemple, enter_bailey_6, uniq_prince_ribbit1,
          uniq_pikel
D:8:      layout_rooms, david_lair_generic
D:9:      layout_loops_corners, lemuel_doored_altar,
          yredelemnul_forgotten_temple_becter, cheibriados_altar_1, uniq_harold
D:10:     layout_cave_pods, grunt_temple_overflow_order_and_chaos_2,
          mainiacjoe_overflow_alcove_2, general_overflow_altar, serial_shops,
          shop
D:11:     minmay_tile_spiral, layout_long_grid, uniq_urug
D:12:     layout_roguey [special_room_orc], erik_orc_4, gammafunk_ghost_split,
          serial_shops, nicolae_diamond_shop, kennysheep_just_a_vault
D:13:     layout_roguey, kennysheep_generic_room_7, uniq_nessos
D:14:     layout_basic, david_vaults_3, serial_shops, shop_fountains,
          nicolae_kite_square_tiling_tiny
D:15:     hangedman_depths_entry_civil_slaughter, layout_loops_cross,
          gauntlet_entry_generic, minmay_misc_feat_diagonals,
          nicolae_shop_firing_range, uniq_louise
Temple:   nicolae_temple_figure_zero
Lair:1:   beast_lair_carwin_large_1, layout_concentric_octagons,
          infiniplex_staircase_pool_2
Lair:2:   dreamdust_cave_troll, layout_misc_corridors,
          guppyfry_snake_entry_garden, ebering_ghost_funeral_grove,
          infiniplex_staircase_pool
Lair:3:   layout_small_grid, shoals_dummy_entry
Lair:4:   layout_small_grid, uniq_sonja
Lair:5:   hangedman_lair_tendril_chambers, layout_concentric_octagons,
          slime_entry_1, ebering_ghost_reflecting_pool,
          dreamdust_gnoll_shepherd, serial_bayou_shore_a
Shoals:1: layout_shoals, serial_shops, nicolae_shop_crystal, uniq_donald
Shoals:2: layout_shoals, nicolae_shoals_siren_and_animal_friends, uniq_aizul
Shoals:3: layout_shoals, ebering_ghost_reflecting_pool, serial_shops, shop,
          shop, uniq_bai_suzhen
Shoals:4: shoals_end_grunt_ice, layout_shoals, uniq_polyphemus
Snake:1:  layout_basic
Snake:2:  nrook_guardian_serpent_snake_passage, layout_basic,
          nicolae_fountain_basement
Snake:3:  cheibrodos_forgotten_conduit, layout_cave_town, basic_altar,
          uniq_azrael
Snake:4:  snake_pit, layout_onion_interference, uniq_roxanne
Slime:1:  layout_caves
Orc:1:    layout_diamond_mine
Orc:2:    st_orc_congregation, layout_diamond_mine, serial_shops, shop
Depths:1: layout_cave_pools, enter_ziggurat_b, pf_hell_entry_tar_spiral,
          elyvilon_altar_3, minmay_room_of_horrors, doesnt_xom_only_xom
Depths:2: minmay_the_grid_square_5x5_4x4_mashed [minmay_the_grid_square_5x5_c,
          minmay_the_grid_square_5x5_comb,
          minmay_the_grid_square_5x5_spiral_small,
          minmay_the_grid_square_5x5_seven, minmay_the_grid_square_5x5_moneybag,
          minmay_the_grid_square_5x5_prize_waves,
          minmay_the_grid_square_5x5_prize_itemx,
          minmay_the_grid_square_5x5_lines,
          minmay_the_grid_square_5x5_doubleslash,
          minmay_the_grid_square_5x5_prize_pseudospiral,
          minmay_the_grid_square_5x5_prize_monsterx,
          minmay_the_grid_square_5x5_inner_z, minmay_the_grid_square_5x5_two,
          minmay_the_grid_square_5x5_z, minmay_the_grid_square_5x5_dogpile,
          minmay_the_grid_square_5x5_fancy_junction], layout_basic,
          hangedman_coc_ice_floe, rand_demon_pan_entry_5,
          nicolae_figureground_sparkle

Skill      XL: |  1  2  3  4  5  6  7  8  9 10 11 12 13 14 15 16 17 18 19 |
---------------+----------------------------------------------------------+-----
Polearms       | 2 3 4 5 6 8 9 11 12 13 | 13.2
Fighting       | 4 5 6 7 8 10 11 12 14 15 16 17 18 19 | 19.1
Armour         | 4 5 6 7 8 10 11 12 14 15 16 17 18 19 | 19.1
Shields        | 4 5 6 7 8 10 11 12 14 15 16 17 18 19 | 19.1
Invocations    | 3 7 9 11 13 14 15 | 15.4

Action                   |  1- 3 |  4- 6 |  7- 9 | 10-12 | 13-15 | 16-18 | 19-21 || total
-------------------------+-------+-------+-------+-------+-------+-------+-------++-------
Melee: Trident           |    78 |    58 |       |       |       |       |       ||   136
       Lance             |       |    87 |   178 |   368 |  1113 |  1890 |   586 ||  4222
Throw: Throwing net      |       |       |       |       |       |       |     1 ||     1
Invok: Recall Ancestor   |       |       |     2 |     2 |     4 |     2 |     1 ||    11
       Ancestor Identity |       |       |     1 |       |       |       |       ||     1
       Ancestor Life: Ba |       |       |       |     1 |       |       |       ||     1
Evoke: Wand              |       |       |       |       |       |     1 |       ||     1
  Use: Scroll            |       |    16 |     1 |     9 |     6 |     4 |     3 ||    39
       Potion            |       |       |     2 |     6 |     4 |     6 |     1 ||    19
 Stab: Distracted        |       |       |       |     1 |    10 |    13 |     6 ||    30
Armor: Scale mail        |    38 |    43 |    48 |    93 |    16 |       |       ||   238
       Skin              |       |       |     1 |    28 |       |    18 |       ||    47
       Chain mail        |       |       |       |       |   334 |   591 |   302 ||  1227
Dodge: Dodged            |    29 |    38 |    38 |    82 |   147 |   230 |    90 ||   654
Block: Buckler           |     9 |    19 |    32 |    16 |       |       |       ||    76
       Tower shield      |       |       |       |   147 |   402 |       |       ||   549
       Kite shield       |       |       |       |       |   134 |   709 |   203 ||  1046
       Reflection        |       |       |       |       |       |    14 |    13 ||    27
